 Dungeon Crawl Stone Soup version 0.28-a0-381-g937acc2988 (webtiles) character file.

Game seed: 13995140616252751608

5288 dolemite99 the Quickloader (level 10, -8/60 HPs)
             Began as a Kobold Brigand on Sept 2, 2021.
             Was a Priest of Trog.
             Killed from afar by a tengu conjurer (36 damage)
             ... with a bolt of lightning
             ... on level 8 of the Dungeon.
             The game lasted 00:13:27 (11617 turns).

dolemite99 the Quickloader (Kobold Brigand)        Turns: 11617, Time: 00:13:27

Health: -8/60      AC: 10    Str: 12    XL:     10   Next: 94%
Magic:  10/10      EV: 18    Int: 13    God:    Trog [***...]
Gold:   253        SH:  0    Dex: 26    Spells: 9/9 levels left

rFire   . . .      SeeInvis .   b - +5 hand crossbow of Massacring {flame, rCorr Dex+10}
rCold   + . .      Faith    +   (shield restricted)
rNeg    . . .      Spirit   .   E - +0 ring mail "Ceastrig" {+Inv rPois rC+}
rPois   +          Reflect  .   (no helmet)
rElec   .          Harm     .   k - +0 cloak
rCorr   +          Rampage  .   K - +2 pair of gloves
Will    ++...                   (no boots)
Stlth   ++++......              j - amulet of faith
HPRegen 1.20/turn               (no ring)
MPRegen 0.12/turn               (no ring)

@: strong-willed, regenerating
A: small, no large weapons, nightstalker 3
a: Renounce Religion, Evoke Invisibility, Berserk, Trog's Hand


You were on level 8 of the Dungeon.
You worshipped Trog.
Trog was most pleased with you.
You visited 1 branch of the dungeon, and saw 8 of its levels.

You collected 431 gold pieces.
You spent 178 gold pieces at shops.

Inventory:

Hand Weapons
 a - a +2 rapier of venom
 b - the +5 hand crossbow of Massacring (weapon) {flame, rCorr Dex+10}
   (You bought it in a shop on level 6 of the Dungeon)

   Any ammunition fired from it burns those it strikes, dealing additional fire
   damage.
   Dex:       It affects your dexterity (+10).
   rCorr:     It protects you from acid and corrosion.
 h - a +0 hand axe
 q - a +2 dagger
 v - a +0 hunting sling
 L - a +1 dagger of draining
 M - a +0 scimitar
 O - a +1 scimitar of flaming
Missiles
 o - 149 stones
 r - 4 boomerangs
 t - 69 bolts (quivered ammo)
 C - 45 poisoned darts
 D - 61 arrows
 F - 6 atropa-tipped darts
Armour
 c - a +0 cloak
 d - a +0 kite shield
 e - a +0 troll leather armour
 k - a +0 cloak (worn)
 w - a +0 leather armour
 B - +0 ice dragon scales
 E - the +0 ring mail "Ceastrig" (worn) {+Inv rPois rC+}
   (You found it on level 5 of the Dungeon)

   rC:        It protects you from cold.
   rPois:     It protects you from poison.
   +Inv:      It lets you turn invisible.
 K - a +2 pair of gloves (worn)
Magical Staves
 i - a staff of cold
Jewellery
 j - an amulet of faith (around neck)
Wands
 H - a wand of iceblast (8)
Scrolls
 m - 2 scrolls of magic mapping
 p - 2 scrolls of teleportation
 y - a scroll of fear
 I - a scroll of immolation {unknown}
 N - a scroll of identify {@r1}
Potions
 f - 2 potions of might {unknown}
 g - 3 potions of brilliance
 l - a potion of ambrosia
 n - 2 potions of haste {unknown}
 s - 4 potions of heal wounds {unknown}
 u - 4 potions of curing {unknown}
 x - 3 potions of flight
 z - 3 potions of berserk rage {unknown}
 A - 3 potions of lignification
 G - a potion of cancellation {unknown}
 J - a potion of degeneration {unknown}


   Skills:
 + Level 6.1 Fighting
 - Level 10.0 Short Blades
 - Level 10.3 Crossbows
 - Level 2.1 Throwing
 - Level 5.9 Armour
 * Level 6.4 Dodging
 - Level 5.3 Stealth


You had 9 spell levels left.
You didn't know any spells.
Your spell library was empty.

Dungeon Overview and Level Annotations

Branches:
Dungeon (8/15)             Temple (0/1) D:6
   Lair: D:8-11

Altars:
Cheibriados
Elyvilon
Gozag
Hepliaklqana
Makhleb
Nemelex Xobeh
Ru
Trog
Yredelemnul
Zin
The Shining One

Shops:
D:6 (


Innate Abilities, Weirdness & Mutations

You are small and have problems with some larger weapons.
You are completely attuned to the shadows.


Message History

t - 71 bolts (gained 1)
You open the door.
There is an open door here.
You open the door.
There is an open door here.
There is an open door here.
You open the door.
There is an open door here.
There is an open door here.
There is an open door here.
o - 149 stones (gained 14)
There is an open door here.
Key pressed, stopping explore.
You open the door.
There is an open door here.
You open the door.
There is an open door here.
As you open the door, it creaks loudly!
You hear a shout! x3
A tengu conjurer comes into view.
There is an open door here.
You shoot a bolt. The bolt hits the tengu conjurer.
The bolt burns the tengu conjurer.
The tengu conjurer is lightly wounded.
You shoot a bolt. The bolt hits the tengu conjurer.
The bolt burns the tengu conjurer.
The tengu conjurer is moderately wounded.
The tengu conjurer points at you and mumbles some strange words.
The bolt of lightning hits you!!
Ouch! That really hurt!
The bolt of lightning misses you.
You are too injured to fight recklessly!
You are too injured to fight recklessly!
You are too injured to fight recklessly!
You are too injured to fight recklessly!
Your skin crawls.
You feel strong-willed.
The tengu conjurer gestures at you while chanting.
The bolt of lightning hits you!!!
Ouch! That really hurt!
You die...

.##....#....##'###..#....#
..#._..#....#...#...#....#
..#....#....#...##..#....#
..#....#....#...##..#....#
..#._..#....#.......#....#####+##
.##....#....#.......#............
###⌠.⌠.#....######..#............
###'####.....#..###'#............
.............#..@...#............
..'....#.....#..#...#............
#####........#.Q##..#............
#......#######(. ############....
#......# ... #.... #......# #....
#......# #...) #......# #....
.#'##### #....


You could see a tengu conjurer.

Vanquished Creatures
  Erica (D:8)
  Pikel (D:6)
  Prince Ribbit (D:6)
  3 hornets
  3 yaks (D:8)
  4 steam dragons
  A water moccasin (D:6)
  A sky beast (D:8)
  3 ice beasts
  A hornet zombie (D:8)
  4 centaurs
  An ogre (D:6)
  2 lemures
  Blork the orc (D:4)
  A wyvern zombie (D:7)
  A gnoll sergeant (D:5)
  4 scorpions
  A water moccasin skeleton (D:5)
  3 killer bees (D:7)
  4 wights (D:8)
  2 electric eels (D:6)
  3 hounds
  Crazy Yiuf (D:5)
  2 jellies
  2 orc priests (D:8)
  A bullfrog skeleton (D:6)
  3 iguanas
  3 orc wizards
  A howler monkey zombie (D:7)
  11 gnolls
  2 howler monkey skeletons
  4 adders
  2 white imps (D:7)
  4 dart slugs
  14 orcs
  7 bats
  6 endoplasms
  6 giant cockroaches
  7 goblins
  4 hobgoblins
  4 jackals (D:2)
  2 quokkas
  3 ball pythons
  A frilled lizard (D:2)
  5 kobolds
  6 rats
147 creatures vanquished.

Vanquished Creatures (others)
  5 plants (D:6)
5 creatures vanquished.

Grand Total: 152 creatures vanquished

Notes
Turn   | Place    | Note
-------+----------+-------------------------------------------
     0 | D:1      | dolemite99 the Kobold Brigand began the quest for the Orb.
     0 | D:1      | Reached XP level 1. HP: 12/12 MP: 1/1
   164 | D:1      | Reached XP level 2. HP: 18/18 MP: 2/2
   490 | D:1      | Reached XP level 3. HP: 17/22 MP: 3/3
   758 | D:1      | Found a faded altar of an unknown god.
   764 | D:1      | Became a worshipper of Trog the Wrathful
   764 | D:1      | Reached * piety under Trog
  2282 | D:2      | Reached XP level 4. HP: 25/25 MP: 4/4
  2541 | D:3      | Found a snail-covered altar of Cheibriados.
  2541 | D:3      | Found a glowing golden altar of the Shining One.
  2563 | D:3      | Found a glowing silver altar of Zin.
  2564 | D:3      | Found a sparkling altar of Nemelex Xobeh.
  2661 | D:3      | Found a burning altar of Makhleb.
  2811 | D:4      | Noticed a scorpion
  2892 | D:3      | Reached ** piety under Trog
  3407 | D:3      | Reached skill level 5 in Short Blades
  3407 | D:3      | Reached XP level 5. HP: 32/32 MP: 5/5
  3541 | D:4      | Noticed a centaur
  3660 | D:4      | Killed a centaur
  3661 | D:4      | Reached XP level 6. HP: 27/38 MP: 6/6
  3988 | D:4      | Noticed Blork the orc
  3995 | D:4      | Killed Blork the orc
  4449 | D:4      | Reached XP level 7. HP: 43/43 MP: 7/7
  4788 | D:4      | Found a basalt altar of Yredelemnul.
  5250 | D:5      | Entered Level 5 of the Dungeon
  5453 | D:5      | Identified the +0 ring mail "Ceastrig" {+Inv rPois rC+}
  5481 | D:5      | Reached skill level 5 in Dodging
  5481 | D:5      | Reached XP level 8. HP: 39/48 MP: 8/8
  5656 | D:5      | Reached skill level 5 in Fighting
  6164 | D:5      | Noticed a hornet
  6185 | D:5      | Killed a hornet
  6204 | D:5      | Reached *** piety under Trog
  6447 | D:5      | Found a runed translucent door.
  6450 | D:5      | Noticed Crazy Yiuf
  6458 | D:5      | Killed Crazy Yiuf
  6833 | D:6      | Noticed Pikel
  7193 | D:6      | Reached skill level 10 in Short Blades
  7193 | D:6      | Reached XP level 9. HP: 49/55 MP: 9/9
  7264 | D:6      | Found a staircase to the Ecumenical Temple.
  7320 | D:6      | Found Vajilas's Antique Weapon Emporium.
  7324 | D:6      | Bought a smoking hand crossbow for 178 gold pieces
  7324 | D:6      | Identified the +5 hand crossbow of Massacring {flame, rCorr
                  | Dex+10} (You bought it in a shop on level 6 of the Dungeon)
  7996 | D:6      | Noticed Prince Ribbit
  8001 | D:6      | Killed Prince Ribbit
  8093 | D:6      | Reached skill level 5 in Crossbows
  8508 | D:6      | Killed Pikel
  8638 | D:6      | Found a white marble altar of Elyvilon.
  9132 | D:7      | Noticed a hornet
  9136 | D:7      | Killed a hornet
  9322 | D:7      | Reached XP level 10. HP: 60/60 MP: 10/10
  9519 | D:7      | Reached skill level 10 in Crossbows
 10006 | D:8      | Reached skill level 1 in Armour
 10397 | D:8      | Found an opulent altar of Gozag.
 10948 | D:8      | Noticed Erica
 10961 | D:8      | Killed Erica
 10962 | D:8      | Reached skill level 5 in Armour
 11403 | D:8      | Found a sacrificial altar of Ru.
 11431 | D:8      | Found a hazy altar of Hepliaklqana.
 11617 | D:8      | Killed from afar by a tengu conjurer

Illustrated notes

Levels and vault maps discovered:
D:1:      tarquinn_simple_flora_water_b, layout_basic,
          dreamdust_ecumenical_altar_hidden_monk_grotto
D:2:      layout_loops_corners
D:3:      layout_basic, grunt_temple_overflow_open
D:4:      layout_loops_corners, mainiacjoe_overflow_alcove_4, uniq_blork_the_orc
D:5:      layout_cave_pools, uniq_crazy_yiuf_cottage
D:6:      layout_cave_pools, nicolae_elyvilon_temple_path,
          minmay_temple_entry_overgrown, serial_shops, nicolae_shop_stone,
          uniq_prince_ribbit1, uniq_pikel
D:7:      layout_loops_corners
D:8:      layout_gridville, general_overflow_altar, jmf_multi_god_temple,
          uniq_erica

Skill      XL: |  1  2  3  4  5  6  7  8  9 10 |
---------------+-------------------------------+-----
Short Blades   | 3 4 5 6 8 10 | 10.0
Dodging        | 2 3 4 5 6 |  6.4
Fighting       | 3 4 6 |  6.1
Crossbows      | 9 10 | 10.3
Armour         | 5 |  5.9
Throwing       | |  2.1
Stealth        | |  5.3

Action                   |  1- 3 |  4- 6 |  7- 9 | 10-12 || total
-------------------------+-------+-------+-------+-------++-------
Melee: Dagger            |    74 |    84 |   250 |    14 ||   422
       Rapier            |       |       |       |     1 ||     1
 Fire: Hand crossbow     |       |       |    52 |    95 ||   147
Throw: Dart              |    24 |    27 |    28 |       ||    79
       Stone             |       |     5 |    15 |       ||    20
       Throwing net      |       |       |     1 |       ||     1
Invok: Berserk           |       |     5 |     5 |     2 ||    12
       Trog's Hand       |       |       |     7 |     4 ||    11
Evoke: Wand              |       |       |       |     3 ||     3
  Use: Scroll            |       |       |    14 |     1 ||    15
 Stab: Sleeping          |     5 |       |     2 |       ||     7
       Distracted        |       |     1 |       |       ||     1
Armor: Robe              |    11 |     2 |       |       ||    13
       Leather armour    |       |     9 |       |       ||     9
       Troll leather arm |       |     3 |    22 |       ||    25
       Ring mail         |       |       |    31 |    11 ||    42
Dodge: Dodged            |    51 |    54 |   161 |    40 ||   306

Table legend: (Time is in decaauts)
 A = Elapsed time spent in this place.
 B = Non-inter-level travel time spent in this place.
 C = Inter-level travel time spent in this place.
 D = Time resting spent in this place.
 E = Time spent auto-exploring this place.
 F = Levels seen in this place.
 G = Mean time per level.
                   A        B        C        D        E       F      G
               +--------+--------+--------+--------+--------+-----+--------+
         Total |  11596 |  11307 |    289 |   3907 |   5658 |   8 | 1449.5 |
       Dungeon |  11596 |  11307 |    289 |   3907 |   5658 |   8 | 1449.5 |
               +--------+--------+--------+--------+--------+-----+--------+

Top non-repeatable levels by time:
     D:5: 1986 daAuts
     D:4: 1811 daAuts
     D:8: 1757 daAuts
     D:2: 1748 daAuts
     D:6: 1388 daAuts
     D:7: 1207 daAuts
     D:3: 883 daAuts
     D:1: 814 daAuts
